 Dungeon Crawl Stone Soup version 0.25-a0-1130-g3926558f3a (webtiles) character file.

Game seed: 16236743911069487979, levelgen mode: deterministic

1888 kae the Carver (level 9, -6/68 HPs)
             Began as a Formicid Abyssal Knight on May 19, 2020.
             Was a Priest of Lugonu.
             Mangled by a two-headed ogre
             ... wielding a +0 giant club
              (8 damage)
             ... on level 5 of the Dungeon.
             The game lasted 00:07:22 (9854 turns).

kae the Carver (Formicid Abyssal Knight)            Turns: 9854, Time: 00:07:22

Health: -6/68      AC:  8    Str: 22    XL:     9   Next: 37%
Magic:  14/14      EV: 15    Int:  7    God:    Lugonu [***...]
Gold:   283        SH:  5    Dex: 18    Spells: 8/8 levels left

rFire    + . .     SeeInvis +   a - +2 falchion
rCold    + . .     Gourm    .   (no shield)
rNeg     + . .     Faith    .   q - +3 leather armour of Dunylacw {Str+2 Int-5 Dex+8}
rPois    .         Spirit   .   (helmet unavailable)
rElec    .         Reflect  +   j - scarf {rC+ rF+}
rCorr    .         Harm     .   (no gloves)
MR       .....                  n - +1 pair of boots
Stlth    +.........             k - amulet of reflection
HPRegen  0.21/turn              m - ring of positive energy
MPRegen  0.14/turn              r - +4 ring of evasion

@: no status effects
A: permanent stasis, dig shafts and tunnels, four strong arms, antennae 3
a: Dig, Shaft Self, Depart the Abyss, Bend Space, Banish, Renounce Religion


You were on level 5 of the Dungeon.
You worshipped Lugonu.
Lugonu was most pleased with you.
You were hungry.

You visited 2 branches of the dungeon, and saw 8 of its levels.
You visited the Abyss 1 time.

You collected 283 gold pieces.

Inventory:

Hand Weapons
 a - a +2 falchion (weapon)
Armour
 b - a +1 leather armour
 j - a scarf of resistance (worn)
 n - a +1 pair of boots (worn)
 q - the +3 leather armour of Dunylacw (worn) {Str+2 Int-5 Dex+8}
   (You found it on level 5 of the Dungeon)

   It affects your strength (+2).
   It affects your intelligence (-5).
   It affects your dexterity (+8).
Jewellery
 k - an amulet of reflection (around neck)
 m - a ring of positive energy (left hand)
 r - a +4 ring of evasion (right hand)
Wands
 p - a wand of flame (2)
Scrolls
 d - 2 scrolls of fog
 f - 5 scrolls of remove curse
 g - 2 scrolls of enchant armour
 o - 2 scrolls of identify
Potions
 e - 7 potions of curing
 h - 2 potions of invisibility
 i - 2 potions of lignification
 l - a potion of flight
Comestibles
 c - 6 rations
 s - a chunk of flesh


   Skills:
 - Level 5.0 Fighting
 * Level 9.3 Long Blades
 - Level 2.1 Armour
 - Level 0.8 Dodging
 + Level 7.9 Invocations


You had 8 spell levels left.
You didn't know any spells.
Your spell library contained the following spells:

 Spells                   Type           Power        Failure   Level  Hunger
 Magic Dart               Conj           #...         47%         1    ##.....
 Searing Ray              Conj           #.....       63%         2    ###....
 Dazzling Flash           Conj/Hex       #.....       85%         3    ####...
 Fulminant Prism          Conj/Hex       #.........   99%         4    #####..
 Iskenderun's Mystic Bla  Conj/Tloc      #.......     99%         4    #####..


Dungeon Overview and Level Annotations

Branches:
Dungeon (7/15)             Temple (1/1) D:6

Altars:
Cheibriados
Dithmenos
Fedhas
Kikubaaqudgha
Makhleb
Okawaru
Qazlal
Ru
Sif Muna
Uskayaw
Wu Jian
Xom
The Shining One


Innate Abilities, Weirdness & Mutations

You cannot be hasted, slowed, berserked, paralysed or teleported.
You can dig through walls and to a lower floor.
Your four strong arms can wield two-handed weapons with a shield.
You have a pair of large antennae on your head. (SInv)


Message History

The two-headed ogre hits you with a +0 giant spiked club!
You are feeling hungry.
You slash the two-headed ogre!
The two-headed ogre is heavily wounded.
You slash the two-headed ogre!
The two-headed ogre is severely wounded.
The two-headed ogre hits you with a +0 giant club!
The two-headed ogre hits you with a +0 giant spiked club!
You hit the two-headed ogre.
The two-headed ogre is severely wounded.
You slash the two-headed ogre!
The two-headed ogre is almost dead.
The two-headed ogre hits you with a +0 giant club!!
* * * LOW HITPOINT WARNING * * *
The two-headed ogre hits you with a +0 giant spiked club!
* * * LOW HITPOINT WARNING * * *
You hit the two-headed ogre.
The two-headed ogre is almost dead.
The two-headed ogre hits you with a +0 giant club!
You die...

#.##..................
#......#####.#.#####.#
####...# #.#.# #####
#.#.#####.#
#######.........#
######.........#######
.....#.#######.##########
####.#.# #.#........#
####.#.##### #.#@######.#
#..........# #.#O# ####.###
#.##.#.###.###.#.# #......#
.......# #.##....# #.##.#.#
#.)#...###.#.....# #.##.#.#
..#..............###.##.#.#
(###..####.###.#........#.#
#.#.#.#
#...........####.###
......#
#####.########.....#


You could see a two-headed ogre.

Vanquished Creatures
  Sigmund (D:3)
  A hungry ghost (D:7)
  2 orc warriors
  2 ice beasts
  A black bear (D:6)
  A phantom (D:6)
  A centaur (D:5)
  2 scorpions (D:6)
  A water moccasin skeleton (D:6)
  A crimson imp (D:6)
  A bullfrog zombie (D:6)
  2 centaur zombies
  A quasit (D:5)
  A jelly (D:6)
  4 orc priests
  2 iguanas
  5 orc wizards
  4 worker ants
  A howler monkey zombie (D:6)
  3 gnolls (D:4)
  2 howler monkey skeletons
  3 adders
  A shadow imp (D:6)
  An adder zombie (D:5)
  4 worms
  A dart slug (D:4)
  5 leopard geckos
  20 orcs
  5 giant cockroaches
  11 goblins
  8 hobgoblins
  4 jackals
  3 quokkas
  A ball python (D:1)
  7 bats
  4 frilled lizards
  6 kobolds
  A leopard gecko skeleton (D:4)
  3 quokka skeletons
  10 rats
137 creatures vanquished.

Notes
Turn   | Place    | Note
-------+----------+-------------------------------------------
     0 | Abyss:1  | kae the Formicid Abyssal Knight began the quest for the
                  | Orb.
     0 | Abyss:1  | Reached XP level 1. HP: 18/18 MP: 2/2
    74 | Abyss:1  | Found a corrupted altar of Lugonu.
   109 | Abyss:1  | Noticed a large abomination
   112 | D:1      | Escaped the Abyss
   213 | D:1      | Reached XP level 2. HP: 24/24 MP: 3/3
   222 | D:1      | Reached * piety under Lugonu
   840 | D:1      | Reached XP level 3. HP: 20/29 MP: 4/4
  1720 | D:2      | Reached skill level 3 in Long Blades
  1793 | D:2      | Found a stormy altar of Qazlal.
  1876 | D:2      | Found a burning altar of Makhleb.
  1876 | D:2      | Noticed a blizzard demon
  1879 | D:2      | Noticed a hellwing
  1879 | D:2      | Noticed a ynoxinul
  1909 | D:2      | Found an iron altar of Okawaru.
  2187 | D:2      | Found a shimmering altar of Xom.
  2199 | D:2      | Found a burning altar of Makhleb.
  2237 | D:2      | Reached XP level 4. HP: 36/37 MP: 6/6
  2780 | D:3      | Found a glowing golden altar of the Shining One.
  3081 | D:3      | Reached ** piety under Lugonu
  3293 | D:3      | Reached XP level 5. HP: 40/42 MP: 7/7
  3365 | D:3      | Noticed Sigmund
  3371 | D:3      | Killed Sigmund
  3371 | D:3      | Reached skill level 4 in Long Blades
  3371 | D:3      | Reached XP level 6. HP: 30/49 MP: 7/9
  4020 | D:4      | Found a blossoming altar of Fedhas.
  4230 | D:4      | Found a hide-covered altar of Uskayaw.
  4231 | D:4      | Noticed a +0 dagger
  4231 | D:4      | Noticed a +0 hand axe
  4233 | D:4      | You fall into a shaft and drop 2 floors!
  4239 | D:6      | Reached skill level 5 in Long Blades
  4274 | D:6      | Reached XP level 7. HP: 29/55 MP: 10/10
  4295 | D:6      | Reached skill level 5 in Fighting
  4936 | D:6      | Reached skill level 5 in Invocations
  4991 | D:6      | Reached skill level 6 in Long Blades
  5405 | D:6      | Found a staircase to the Ecumenical Temple.
  5428 | D:6      | Reached XP level 8. HP: 53/62 MP: 12/12
  5436 | Temple   | Entered the Ecumenical Temple
  5883 | D:6      | Reached skill level 7 in Long Blades
  5955 | D:6      | Reached *** piety under Lugonu
  6102 | D:6      | Found a shadowy altar of Dithmenos.
  6585 | D:6      | You fall into a shaft and drop 1 floor!
  6625 | D:7      | Reached skill level 8 in Long Blades
  6626 | D:7      | Reached XP level 9. HP: 13/68 MP: 12/14
  6631 | D:7      | HP: 2/68 [orc/+2 vorpal hand axe (5)]
  7411 | D:5      | Entered Level 5 of the Dungeon
  7549 | D:5      | Found a shimmering blue altar of Sif Muna.
  7549 | D:5      | Found an ancient bone altar of Kikubaaqudgha.
  7673 | D:5      | Noticed a two-headed ogre
  8215 | D:5      | Found an ornate altar of the Wu Jian Council.
  8626 | D:4      | Found a sacrificial altar of Ru.
  8774 | D:4      | Reached skill level 9 in Long Blades
  9179 | D:5      | Found a snail-covered altar of Cheibriados.
  9486 | D:5      | Got a jade-encrusted leather armour
  9497 | D:5      | Identified the +3 leather armour of Dunylacw {Str+2 Int-5
                  | Dex+8} (You found it on level 5 of the Dungeon)
  9853 | D:5      | HP: 2/68 [two-headed ogre/+0 giant club (12)]
  9854 | D:5      | Mangled by a two-headed ogre

Illustrated notes

Levels and vault maps discovered:
D:1:      denvon_arrival_planthouse, layout_loops_ring
D:2:      layout_basic, amethyst_overflow_temple_binary, okawaru_gym_becter,
          nicolae_qazlal_general_emergency, makhleb_altar_promises_db
D:3:      layout_basic, first_ration, nicolae_tso_swordbearing_angel,
          uniq_sigmund
D:4:      layout_rooms, dancing_weapons_uskayaw, fedhas_altar_2,
          nicolae_ru_great_annihilating_truth
D:5:      layout_loops_corners, chequers_temple_overflow_statue_of_worship,
          kennysheep_little_box, kennysheep_mini, minmay_joined_circles
D:6:      layout_loops_ring, lemuel_crystal_altar,
          minmay_temple_entry_sparse_star, grunt_decor_resistance, minivault_1,
          minmay_fractal_squares_gapless_5
D:7:      layout_layer_cave, basic_altar
Temple:   jpeg_temple_island

Skill      XL: |  1  2  3  4  5  6  7  8  9 |
---------------+----------------------------+-----
Long Blades    | 3 4 5 6 8 9 |  9.3
Invocations    | 3 4 5 7 |  7.9
Fighting       | 4 5 |  5.0
Armour         | |  2.1
Dodging        | |  0.8

Action                   |  1- 3 |  4- 6 |  7- 9 || total
-------------------------+-------+-------+-------++-------
Melee: Falchion          |   109 |   111 |   366 ||   586
Invok: Depart the Abyss  |     1 |       |       ||     1
       Bend Space        |       |       |     4 ||     4
 Abil: Dig               |       |     1 |     1 ||     2
Evoke: Wand              |       |       |    12 ||    12
  Use: Scroll            |     2 |     9 |     4 ||    15
       Potion            |       |     8 |     1 ||     9
 Stab: Distracted        |       |       |     1 ||     1
  Eat: Chunk             |     4 |     7 |    13 ||    24
       Ration            |       |       |     2 ||     2
Armor: Leather armour    |    30 |    22 |    65 ||   117
       Skin              |       |     8 |     7 ||    15
Dodge: Dodged            |    63 |    65 |   167 ||   295
Block: Other             |       |       |     5 ||     5
       Rpst.: Falchion   |    25 |    21 |    48 ||    94

Table legend:
 A = Non-vault XP
 B = Vault XP
 C = Vault XP percentage of total XP
 D = Non-vault monster count
 E = Vault monster count
 F = Vault count percentage of total count
                 A         B        C        D         E       F
            +---------+---------+-------+---------+---------+-------
      Total |    2255 |     443 |  16.4 |     124 |      13 |   9.5
            +---------+---------+-------+---------+---------+-------
        D:1 |      38 |       0 |   0.0 |      25 |       0 |   0.0
        D:2 |      45 |       0 |   0.0 |      16 |       0 |   0.0
        D:3 |      65 |     223 |  77.4 |      24 |       1 |   4.0
        D:4 |     143 |      48 |  25.1 |      13 |       4 |  23.5
        D:5 |     383 |      79 |  17.1 |       9 |       5 |  35.7
        D:6 |    1095 |      93 |   7.8 |      28 |       3 |   9.7
        D:7 |     486 |       0 |   0.0 |       9 |       0 |   0.0
            +---------+---------+-------+---------+---------+-------
